AoeStats
← HINEaKIN

Arena

509034225Analyzed
2v2 RM · 6d ago on Sep 25, 2026· 57m 47s· 4 players
Game mode
Random Map
Map size
Medium (4 player)
Population
200
Speed
Normal
Resources
Standard
Victory
Conquest
Starting age
Dark Age
Ending age
Imperial Age
RankedLock teamsTeams togetherTeam positionsShared explorationLock speedFull tech treeHidden civsTurbo modeCheats
Victory
Defeat
🇲🇽 Goths · Mexico
915
+17
🇲🇽 Britons · Mexico
901
+17
🇺🇸 Britons · United States
937
-17
🇨🇳 Saracens · China
929
-17
Salgt27
11:53 Feudal Age
15:58 Castle Age
15:22 Double-Bit Axe
16:10 Horse Collar
17:45 Loom
18:06 Gold Mining
23:18 Town Watch
26:19 Wheelbarrow
29:06 Pikeman
30:30 Squires
32:48 Scale Mail Armor
32:58 Forging
39:13 Imperial Age
38:25 Forging
40:20 Anarchy
40:41 Chain Mail Armor
41:02 Iron Casting
42:36 Halberdier
46:13 Blast Furnace
45:19 Scale Barding Armor
51:25 Perfusion
51:52 Conscription
51:25 Elite Huskarl
carlos_lb
9:52 Feudal Age
10:46 Double-Bit Axe
15:31 Castle Age
15:25 Gold Mining
15:37 Stone Mining
18:29 Horse Collar
21:30 Heavy Plow
21:02 Crossbowman
22:44 Bow Saw
23:50 Loom
24:42 Gold Shaft Mining
27:25 Ballistics
31:11 Imperial Age
29:34 Yeomen
30:22 Wheelbarrow
31:33 Arbalester
33:16 Elite Skirmisher
35:43 Chemistry
34:36 Fletching
34:49 Padded Archer Armor
35:00 Forging
34:38 Light Cavalry
38:19 Scale Barding Armor
46:09 Bodkin Arrow
HINEaKIN
2:10 Loom
9:37 Feudal Age
15:49 Castle Age
14:51 Double-Bit Axe
14:48 Horse Collar
16:43 Wheelbarrow
22:06 Heavy Plow
23:57 Bow Saw
24:01 Gold Mining
24:43 Stone Mining
26:20 Fletching
26:51 Fortified Wall
27:03 Ballistics
27:19 Hand Cart
26:49 Town Watch
27:26 Bodkin Arrow
27:15 Treadmill Crane
27:34 Murder Holes
29:27 Gold Shaft Mining
28:54 Padded Archer Armor
29:05 Forging
32:47 Imperial Age
30:43 Leather Archer Armor
31:38 Yeomen
33:37 Bracer
33:00 Elite Longbowman
34:56 Two-Man Saw
34:26 Conscription
35:37 Hoardings
36:05 Chemistry
35:11 Siege Engineers
36:04 Ring Archer Armor
37:03 Iron Casting
36:03 Pikeman
36:56 Squires
36:44 Gambesons
38:47 Halberdier
39:15 Arson
46:55 Scale Mail Armor
47:56 Blast Furnace
猫咪先生
12:22 Feudal Age
16:22 Castle Age
15:04 Double-Bit Axe
18:06 Horse Collar
20:56 Stone Mining
22:53 Heavy Plow
24:08 Fervor
24:19 Gold Mining
25:17 Wheelbarrow
29:14 Imperial Age
26:53 Gambesons
27:09 Squires
26:54 Arson
28:30 Hand Cart
28:05 Loom
28:05 Town Watch
29:44 Bow Saw
30:55 Conscription
29:58 Elite Mameluke
33:30 Scale Barding Armor
33:16 Fletching
33:05 Capped Ram
34:39 Bodkin Arrow
35:04 Chain Barding Armor
35:45 Counterweights
36:31 Padded Archer Armor
39:09 Siege Ram
40:55 Ballistics
41:36 Chemistry
40:43 Siege Engineers
41:45 Town Patrol
43:28 Two-Man Saw
43:59 Plate Barding Armor
43:25 Bracer
45:35 Husbandry
46:49 Bloodlines
46:04 Heavy Camel Rider
47:57 Forging
48:02 Leather Archer Armor
47:48 Scale Mail Armor
50:37 Light Cavalry
52:05 Chain Mail Armor
52:03 Thumb Ring
52:31 Masonry
51:51 Elite Skirmisher
Connection lost

Rejoining the realm…

Still unreachable

The connection could not be restored.

Session expired

The server has moved on; the page needs a fresh start.